 Dungeon Crawl Stone Soup version 0.19.1 (webtiles) character file.

24 AAAAA the Ogre Mage (level 3, 0/33 HPs)
             Began as an Ogre Arcane Marksman on Dec 4, 2016.
             Succumbed to an adder's poison
             ... on level 2 of the Dungeon.
             The game lasted 00:02:21 (1079 turns).

AAAAA the Ogre Mage (Ogre Arcane Marksman)          Turns: 1079, Time: 00:02:21

Health: 0/33       AC:  3    Str: 21    XL:     3   Next: 2%
Magic:  2/7        EV: 10    Int: 13    God:
Gold:   55         SH:  0    Dex:  9    Spells: 2 memorised, 5 levels left

rFire  . . .     SeeInvis .     e - +0 dagger
rCold  . . .     Gourm    .     a - +0 robe
rNeg   . . .     Faith    .     (no shield)
rPois  .         Spirit   .     (helmet restricted)
rElec  .         Reflect  .     (no cloak)
rCorr  .         Harm     .     (gloves unavailable)
MR     .....                    (boots unavailable)
Stlth  +.........               j - amulet of magic regeneration
                                (no ring)
                                (no ring)

@: mighty, lethally poisoned (0 -> -6)
A: unfitting armour, tough skin 1
a: no special abilities


You were on level 2 of the Dungeon.
You were hungry.

You visited 1 branch of the dungeon, and saw 2 of its levels.

You collected 55 gold pieces.

Inventory:

Hand Weapons
 e - a +0 dagger (weapon)
Missiles
 c - 4 large rocks (quivered)
 d - 2 throwing nets
Armour
 a - a +0 robe (worn)
Jewellery
 j - an amulet of magic regeneration (around neck)
Scrolls
 m - a scroll of blinking {unknown}
 o - a scroll of teleportation
 p - a scroll of identify
Books
 b - a book of Debilitation

   Spells                             Type                      Level
   a - Corona                         Hexes                        1
   b - Slow                           Hexes                        2
   c - Gell's Gravitas                Hexes/Translocation          3
   d - Inner Flame                    Hexes/Fire                   3
   e - Cause Fear                     Hexes                        4
   f - Leda's Liquefaction            Hexes/Earth                  4
Comestibles
 f - 4 bread rations
 i - a slice of pizza
 n - a meat ration


   Skills:
 - Level 1.3 Fighting
 - Level 2.0 Throwing
 - Level 1.7 Dodging
 + Level 3.2 Spellcasting
 - Level 2.1 Hexes


You had 5 spell levels left.
You knew the following spells:

 Your Spells              Type           Power        Failure   Level  Hunger
a - Corona                Hex            #......      12%         1    #......
b - Slow                  Hex            #.......     17%         2    ##.....


Dungeon Overview and Level Annotations

Branches:
Dungeon (2/15)

Altars:
Gozag


Innate Abilities, Weirdness & Mutations

You are too large for most types of armour.
You have tough skin. (AC +1)


Message History

You feel sick.
As you read the scroll labeled CYOV RASEFOYD, it crumbles to dust.
You feel aware of your surroundings.
You sensed 1 altar.
It was a scroll of magic mapping.
Your surroundings suddenly seem different.
As you read the scroll labeled SULUTI ATOYRY, it crumbles to dust.
You hear a loud clanging noise!
It was a scroll of noise.
* * * LOW HITPOINT WARNING * * *
You feel sick.
You hear a shout!
You hear an angry hiss.
As you read the scroll labeled QOKHUG YMELECA, it crumbles to dust.
The air around you briefly surges with heat, but it dissipates.
It was a scroll of immolation.
As you read the scroll labeled XATTUL WORE, it crumbles to dust.
It is a scroll of amnesia.
Forget which spell ([?*] list [ESC] exit)?
Forget which spell ([?*] list [ESC] exit)?
Okay, then.
You die...

******* *****
****,,,,.###############,,,******
,,,**,,,........@.......,*,,,,,,,
,,,,**,,,#.......##########******
,,,,,*,,,#.......# ##.....##*###*
,_,,,,,,,#.......###.......#...#*
,,,,,*,,,........##............#*
,,,,**,,,#..##....#............#,
,,,******##.*#........>........#,
****,,,,**#,,#.._...........#...,
*,,,,,,***,##...#...........##*


There were no monsters in sight!

Vanquished Creatures
  An adder (D:2)
  A leopard gecko (D:1)
  A giant cockroach (D:1)
  A goblin (D:1)
  3 hobgoblins
  A ball python (D:1)
  3 bats (D:2)
  3 rats (D:1)
14 creatures vanquished.

Notes
Turn   | Place    | Note
-------+----------+-------------------------------------------
     0 | D:1      | AAAAA the Ogre Arcane Marksman began the quest for the Orb.
     0 | D:1      | Reached XP level 1. HP: 19/19 MP: 2/2
   282 | D:1      | Reached skill level 2 in Spellcasting
   388 | D:1      | Reached XP level 2. HP: 25/27 MP: 5/5
   392 | D:1      | Learned a level 2 spell: Slow
   979 | D:2      | Found an opulent altar of Gozag.
  1071 | D:2      | Reached skill level 3 in Spellcasting
  1071 | D:2      | Reached XP level 3. HP: 5/33 MP: 1/7
  1075 | D:2      | HP: 1/33 [poisoned by an adder]
  1079 | D:2      | Succumbed to an adder's poison

Skill      XL: |  1  2 |
---------------+-------+-----
Spellcasting   | 2 3 |  3.2
Fighting       | |  1.3
Throwing       | |  2.0
Dodging        | |  1.7
Hexes          | |  2.1

Action                   || total
-------------------------++-------
Melee: Dagger            ||    72
 Cast: Corona            ||    12
       Slow              ||     2
  Use: Potion            ||     2
       Scroll            ||     6
Armor: Robe              ||    31
Dodge: Dodged            ||    46
